 Dungeon Crawl Stone Soup version 0.31-a0-977-gc230f8ef24 (webtiles) character file.

Game seed: 15873143382217306275

620 jlumianski the Ruffian (level 7, 0/53 HPs)
             Began as a Gnoll Shapeshifter on Oct 30, 2023.
             Slain by an orc wizard
             ... wielding a +2 dagger of protection
              (3 damage)
             ... on level 4 of the Dungeon.
             The game lasted 00:16:29 (3635 turns).

jlumianski the Ruffian (Gnoll Shapeshifter)         Turns: 3635, Time: 00:16:29

Health: 0/53       AC: 20    Str: 15    XL:     7   Next: 46%
Magic:  10/10      EV: 11    Int: 10    God:
Gold:   270        SH:  0    Dex: 11    Spells: 11/11 levels left

rFire   . . .        B - +7 staff of the Meek {protect, meekguard}
rCold   + . .        (shield currently unavailable)
rNeg    . . .        k - +0 scale mail
rPois   .            t - melded +1 helmet
rElec   .            u - melded +1 cloak {rPois}
rCorr   .            (gloves currently unavailable)
SInv    +            (boots currently unavailable)
Will    .....        (no amulet)
Stlth   +            n - ring of protection from cold
HPRegen 0.28/turn    C - ring of see invisible
MPRegen 0.12/turn

%: no passive effects
@: beast-form, under a protective aura
A: beast (slay +4), fangs 1, strong nose, distributed training
a: Begin Untransformation


You were on level 4 of the Dungeon.
You were a hulking beast.
You visited 1 branch of the dungeon, and saw 5 of its levels.

You collected 270 gold pieces.

Inventory:

Hand Weapons
 b - a +4 quarterstaff of chaos
 r - a +0 long sword
 A - a +4 flail of pain
 B - the +7 staff of the Meek (weapon) {protect, meekguard}
   (You found it on level 3 of the Dungeon)
Missiles
 i - 44 stones
 l - 14 poisoned darts (quivered)
Armour
 a - a +0 animal skin
 h - a +0 ring mail
 k - a +0 scale mail (worn)
 t - a +1 helmet (melded)
 u - a +1 cloak of poison resistance (melded)
Jewellery
 n - a ring of protection from cold (left hand)
 w - a ring of fire
 C - a ring of see invisible (right hand)
Talismans
 c - a beast talisman (active)
 d - a flux talisman
 q - a blade talisman
Wands
 v - a wand of quicksilver (8)
Scrolls
 e - a scroll of poison
 j - a scroll of fear
 s - a scroll of enchant armour
 y - a scroll of vulnerability {unknown}
 z - a scroll of teleportation {unknown}
 D - a scroll of amnesia


   Skills:
 + Level 3.7 Fighting
 + Level 2.5 Short Blades
 + Level 2.5 Long Blades
 + Level 2.5 Axes
 + Level 2.5 Maces & Flails
 + Level 2.5 Polearms
 + Level 2.5 Staves
 + Level 2.5 Ranged Weapons
 + Level 2.5 Throwing
 + Level 2.5 Armour
 + Level 5.3 Dodging
 + Level 2.5 Stealth
 + Level 2.5 Shields
 + Level 7.1 Unarmed Combat
 + Level 2.5 Spellcasting
 + Level 2.1 Conjurations
 + Level 2.1 Hexes
 + Level 2.1 Summonings
 + Level 2.1 Necromancy
 + Level 2.1 Translocations
 + Level 2.1 Transmutations
 + Level 2.1 Fire Magic
 + Level 2.1 Ice Magic
 + Level 2.1 Air Magic
 + Level 2.1 Earth Magic
 + Level 2.1 Poison Magic
 + Level 2.8 Invocations
 + Level 2.5 Evocations
 + Level 7.0 Shapeshifting


You had 11 spell levels left.
You didn't know any spells.
Your spell library was empty.

Dungeon Overview and Level Annotations

Branches:
Dungeon (5/15)
 Temple: D:4-7

Altars:
Cheibriados


Innate Abilities, Weirdness & Mutations

You are a hulking beast.
Your limbs bulge with bestial killing power. (Slay +4)
You have very sharp teeth.
Your uncanny sense of smell can sniff out nearby items.
Your experience applies equally to all skills.


Message History

You climb upwards.
You feel very sick.
There is a stone staircase leading down here.
You see here a hound corpse.
You miss the adder.
The adder is almost dead.
You feel sick. The adder bites you but does no damage.
The orc wizard hits you but does no damage.
The adder bites you but does no damage.
You completely miss the adder.
The adder is almost dead.
You feel sick. The adder bites you but does no damage.
The orc wizard barely misses you.
You sock the adder!
Your weapon exudes an aura of protection.
You kill the adder!
You feel sick.
The orc wizard gestures at you while chanting.
The magic dart hits you!
* * * LOW HITPOINT WARNING * * *
Your Shapeshifting skill increases to level 7!
You sock the orc wizard!
The orc wizard is almost dead.
You feel sick. The orc wizard misses you.
You barely miss the orc wizard.
The orc wizard is almost dead.
You feel sick.
The orc wizard hits you but does no damage.
The orc wizard hits you with a +2 dagger of protection.
* * * LOW HITPOINT WARNING * * *
You barely miss the orc wizard.
The orc wizard is almost dead.
You feel sick.
You are no longer poisoned.
The orc wizard hits you but does no damage.
You hit the orc wizard but do no damage.
Your bite misses the orc wizard.
The orc wizard is severely wounded.
The orc wizard hits you with a +2 dagger of protection.
You die...

##### ####
#†..####...#
#h#......#.##.#
#####o†..###.......
#......#...........
#.####...########.#
#.### ##.##
###.###...#####
#.............#
#.#.###...###.#


You could see an orc wizard (invisible).

Vanquished Creatures
  Grinder (D:4)
  A black bear (D:3)
  A scorpion (D:4)
  Crazy Yiuf (D:2)
  An orc priest (D:3)
  A hound (D:4)
  Ijyb (D:3)
  7 gnolls
  4 adders
  A worm (D:3)
  3 dart slugs
  6 orcs
  7 bats
  6 endoplasms
  2 giant cockroaches
  2 goblins
  7 hobgoblins
  2 jackals
  6 kobolds
  3 quokkas
  4 ball pythons
  A frilled lizard (D:2)
  3 rats
71 creatures vanquished.

Vanquished Creatures (others)
  An orc (D:3)
1 creature vanquished.

Grand Total: 72 creatures vanquished

Notes
Turn   | Place    | Note
-------+----------+-------------------------------------------
     0 | D:1      | jlumianski the Gnoll Shapeshifter began the quest for the
                  | Orb.
     0 | D:1      | Reached XP level 1. HP: 17/17 MP: 1/1
   328 | D:1      | Reached XP level 2. HP: 23/23 MP: 2/2
   527 | D:2      | Reached XP level 3. HP: 28/28 MP: 3/3
  1306 | D:3      | Reached skill level 1 in Invocations
  1677 | D:2      | Reached skill level 1 in Short Blades
  1677 | D:2      | Reached skill level 1 in Long Blades
  1677 | D:2      | Reached skill level 1 in Axes
  1677 | D:2      | Reached skill level 1 in Maces & Flails
  1677 | D:2      | Reached skill level 1 in Polearms
  1677 | D:2      | Reached skill level 1 in Staves
  1677 | D:2      | Reached skill level 1 in Ranged Weapons
  1677 | D:2      | Reached skill level 1 in Throwing
  1677 | D:2      | Reached skill level 1 in Armour
  1677 | D:2      | Reached skill level 1 in Stealth
  1677 | D:2      | Reached skill level 1 in Shields
  1677 | D:2      | Reached skill level 1 in Spellcasting
  1677 | D:2      | Reached skill level 1 in Evocations
  1784 | D:2      | Found a runed translucent door.
  1785 | D:2      | Noticed Crazy Yiuf
  1792 | D:2      | Killed Crazy Yiuf
  1793 | D:2      | Reached XP level 4. HP: 34/34 MP: 5/5
  2009 | D:3      | Reached skill level 1 in Conjurations
  2009 | D:3      | Reached skill level 1 in Hexes
  2009 | D:3      | Reached skill level 1 in Summonings
  2009 | D:3      | Reached skill level 1 in Necromancy
  2009 | D:3      | Reached skill level 1 in Translocations
  2009 | D:3      | Reached skill level 1 in Transmutations
  2009 | D:3      | Reached skill level 1 in Fire Magic
  2009 | D:3      | Reached skill level 1 in Ice Magic
  2009 | D:3      | Reached skill level 1 in Air Magic
  2009 | D:3      | Reached skill level 1 in Earth Magic
  2009 | D:3      | Reached skill level 1 in Poison Magic
  2271 | D:3      | Noticed Ijyb
  2278 | D:3      | Killed Ijyb
  2279 | D:3      | Reached XP level 5. HP: 14/40 MP: 5/7
  2419 | D:4      | Noticed a black bear
  2432 | D:3      | Killed a black bear
  2478 | D:4      | Reached XP level 6. HP: 43/47 MP: 8/8
  2567 | D:3      | Found a snail-covered altar of Cheibriados.
  2789 | D:2      | Reached skill level 5 in Dodging
  3102 | D:3      | Found the +7 staff of the Meek {protect, meekguard}
  3349 | D:5      | Entered Level 5 of the Dungeon
  3366 | D:5      | Noticed Grinder
  3374 | D:4      | Paralysed by Grinder for 5 turns
  3389 | D:4      | Killed Grinder
  3390 | D:4      | Reached XP level 7. HP: 22/52 MP: 10/10
  3635 | D:4      | Slain by an orc wizard

Illustrated notes

Levels and vault maps discovered:
D:1:      saegor_arrival_fortress, layout_basic, kennysheep_minor_cross,
          solitary_fountain, minmay_domino_2
D:2:      layout_basic, uniq_crazy_yiuf_cottage
D:3:      minmay_angry_zag, layout_basic, kennysheep_slug_shrine,
          chequers_mini_garden, minmay_fountain_box, pf_guarded_unrand_meek,
          uniq_ijyb
D:4:      due_chaos_kobolds, layout_loops_ring, minmay_misc_feat_columns
D:5:      layout_rooms, mainiacjoe_overflow_boulevard,
          nicolae_sif_muna_condensation, enter_ossuary_2, chequers_arboretum,
          uniq_grinder

Skill      XL: |  1  2  3  4  5  6  7 |
---------------+----------------------+-----
Invocations    | 1 2 |  2.8
Short Blades   | 1 2 |  2.5
Long Blades    | 1 2 |  2.5
Axes           | 1 2 |  2.5
Maces & Flails | 1 2 |  2.5
Polearms       | 1 2 |  2.5
Staves         | 1 2 |  2.5
Ranged Weapons | 1 2 |  2.5
Throwing       | 1 2 |  2.5
Armour         | 1 2 |  2.5
Stealth        | 1 2 |  2.5
Shields        | 1 2 |  2.5
Spellcasting   | 1 2 |  2.5
Evocations     | 1 2 |  2.5
Conjurations   | 1 2 |  2.1
Hexes          | 1 2 |  2.1
Summonings     | 1 2 |  2.1
Necromancy     | 1 2 |  2.1
Translocations | 1 2 |  2.1
Transmutations | 1 2 |  2.1
Fire Magic     | 1 2 |  2.1
Ice Magic      | 1 2 |  2.1
Air Magic      | 1 2 |  2.1
Earth Magic    | 1 2 |  2.1
Poison Magic   | 1 2 |  2.1
Fighting       | 3 |  3.7
Dodging        | 5 |  5.3
Unarmed Combat | 7 |  7.1
Shapeshifting  | 7 |  7.0

Action                     |  1- 3 |  4- 6 |  7- 9 || total
---------------------------+-------+-------+-------++-------
  Melee: Unarmed           |    60 |   103 |       ||   163
         Bite              |     4 |    14 |     2 ||    20
         Quarterstaff      |       |    12 |    21 ||    33
    Use: Potion            |     1 |     2 |       ||     3
         Scroll            |       |     7 |       ||     7
   Stab: Sleeping          |     1 |       |       ||     1
 Armour: Animal skin       |     4 |       |       ||     4
         Ring mail         |     1 |       |       ||     1
         Scale mail        |    20 |    76 |    43 ||   139
         Skin              |     2 |       |       ||     2
  Dodge: Dodged            |    28 |    63 |    15 ||   106
   Form: Flux              |       |     1 |       ||     1
         Beast             |       |     1 |       ||     1

Table legend: (Time is in decaauts)
 A = Elapsed time spent in this place.
 B = Non-inter-level travel time spent in this place.
 C = Inter-level travel time spent in this place.
 D = Time resting spent in this place.
 E = Time spent auto-exploring this place.
 F = Levels seen in this place.
 G = Mean time per level.
                   A        B        C        D        E       F      G
               +--------+--------+--------+--------+--------+-----+--------+
         Total |   3635 |   3546 |     89 |    472 |   1705 |   5 |  727.0 |
       Dungeon |   3635 |   3546 |     89 |    472 |   1705 |   5 |  727.0 |
               +--------+--------+--------+--------+--------+-----+--------+

Top non-repeatable levels by time:
     D:3: 1082 daAuts
     D:2: 1039 daAuts
     D:1: 925 daAuts
     D:4: 549 daAuts
     D:5: 38 daAuts
